 Dungeon Crawl Stone Soup version 0.29.1-2-gbd0b4ee654 (webtiles) character file.

Game seed: 16831508793204840564

616 Icepheonix32 the Insei (level 7, -2/64 HPs)
             Began as an Octopode Transmuter on Nov 20, 2022.
             Slain by a gnoll
             ... wielding a +0 spear
             ... led by a gnoll bouda
              (5 damage)
             ... on level 5 of the Dungeon.
             The game lasted 00:05:03 (6090 turns).

Icepheonix32 the Insei (Octopode Transmuter)        Turns: 6090, Time: 00:05:04

Health: -2/64      AC: 23    Str: 11    XL:     7   Next: 45%
Magic:  11/11      EV:  2    Int: 15    God:
Gold:   311        SH:  0    Dex: 13    Spells: 6/12 levels left

rFire   . . .      SeeInvis +     - Unarmed
rCold   . . .      Faith    .   (no shield)
rNeg    . . .      Spirit   .   (helmet currently unavailable)
rPois   +          Reflect  .   (no amulet)
rElec   .          Harm     .   l - ring of see invisible
rCorr   .          Rampage  .   (no ring)
Will    .....      NoTele   +   (no ring)
Stlth   +.........              (no ring)
HPRegen 0.20/turn               (no ring)
MPRegen 0.12/turn               (no ring)
                                (no ring)
                                (no ring)

@: mighty, tree-form
A: stationary, stasis, torment immunity, boosted hp, almost no armour,
(amphibious), 8 rings, (camouflage 1), (gelatinous body 1), (nimble swimmer 1),
(tentacles)
a: no special abilities


You were on level 5 of the Dungeon.
You were a tree.
You visited 1 branch of the dungeon, and saw 5 of its levels.

You collected 311 gold pieces.

Inventory:

Missiles
 b - a throwing net
 c - 3 atropa-tipped darts
 g - 8 boomerangs
 n - 3 poisoned darts
Jewellery
 l - a ring of see invisible (left branch)
Scrolls
 h - a scroll of enchant armour
 k - a scroll of enchant weapon {unknown}
Potions
 a - a potion of lignification
 d - a potion of brilliance
 e - a potion of degeneration
 f - a potion of magic
 i - a potion of ambrosia
 p - a potion of curing


   Skills:
 - Level 1.0 Fighting
 + Level 0.4 Throwing
 + Level 3.0 Dodging
 + Level 5.6 Unarmed Combat
 + Level 3.3 Spellcasting
 + Level 4.0 Transmutations
 * Level 3.4 Poison Magic


You had 6 spell levels left.
You knew the following spells:

 Your Spells              Type           Power      Damage    Failure   Level
a - Beastly Appendage     Tmut           28%        N/A       3%          1
b - Spider Form           Tmut/Pois      13%        N/A       13%         3
c - Wereblood             Tmut           14%        N/A       5%          2

Your spell library contained the following spells:

 Spells                   Type           Power      Damage    Failure   Level
 Ignite Poison            Fire/Tmut/Pois 9%         N/A       22%         3
 Conjure Flame            Conj/Fire      2%         6-21      52%         3
 Ice Form                 Ice/Tmut       8%         N/A       63%         4
 Sticky Flame             Conj/Fire      2%         2d3       89%         4
 Summon Forest            Summ/Tloc      1%         N/A       99%         5
 Summon Mana Viper        Hex/Summ       2%         N/A       99%         5
 Summon Cactus Giant      Summ           1%         N/A       100%        6


Dungeon Overview and Level Annotations

Branches:
Dungeon (5/15)
 Temple: D:4-7

Altars:
Elyvilon
Yredelemnul


Innate Abilities, Weirdness & Mutations

You are a tree.
Your roots penetrate the ground, keeping you stationary.
You cannot be teleported.
You are immune to unholy pain and torment.
Your maximum health is greatly increased.
You cannot wear most types of armour.
((You are amphibious.))
You can wear up to eight rings at the same time.
((Your skin changes colour to match your surroundings (Stealth+).))
((Your rubbery body absorbs attacks. (AC +1, EV +1)))
((You are camouflaged when in or above water. (Stealth+)))
((You have tentacles for arms and can constrict up to eight enemies at once.))


Message History

You tentacle-slap the gnoll. You grab the gnoll.
The gnoll is moderately wounded.
You constrict the gnoll. You tentacle-slap the gnoll.
You pierce the gnoll.
The gnoll is severely wounded.
You constrict the gnoll. The gnoll hits you with a +0 spear!
* * * LOW HITPOINT WARNING * * *
Okay, then.
Really quaff the potion of lignification?
Your tentacle spike disappears.
You turn into a tree.
Your roots penetrate the ground.
You lose your grip on the gnoll.
The gnoll hits you but does no damage.
Unknown command.
You smack the gnoll!
You kill the gnoll!
The gnoll shouts!
You smack the gnoll bouda!
You punch the gnoll bouda!
The gnoll bouda is almost dead.
The gnoll is no longer moving quickly.
The gnoll bouda utters an invocation to its god.
The gnoll bouda is healed somewhat.
You smack the gnoll bouda!
You kill the gnoll bouda!
Your Transmutations skill increases to level 4!
You pummel the gnoll!!
You kill the gnoll!
The white imp gestures at you. The puff of frost hits you!
* * * LOW HITPOINT WARNING * * *
You cannot move.
You cannot move.
Unknown command.
You aren't carrying any items that you can evoke.
Throw: 4 darts (poison)
Press: ? - help, Shift-Dir - straight line, f - gnoll
Aim: a gnoll, wielding a +0 spear (covering ground quickly, 60% to hit)
You throw a poisoned dart.
The poisoned dart closely misses the gnoll.
The gnoll hits you from afar with a +0 spear.
You die...

.#......# g......
..# ..###..#.. # ..#
.... .......###.##
..#
#..##.###.........=
..# #.#
#..##............#
..# #.#
#..######...######
..###.#
#..#######g##
.†##..# #..#....♣)5#
..#...###..#.#####.#
......>##..#.# #.#
.............# #.#
.#.....##..### #.#
.##...###..# #.#
..#...###..# #.#
...###..#..#######.#
..#.#.#.....?....


You could see a gnoll (swift) and a white imp.

Vanquished Creatures
  An ogre (D:4)
  2 scorpions
  A howler monkey (D:4)
  A hound (D:5)
  2 gnoll boudas
  An iguana (D:4)
  An orc wizard (D:4)
  8 gnolls
  8 adders
  An ufetubus (D:5)
  2 worms
  2 dart slugs
  5 orcs
  6 ball pythons
  5 bats
  10 endoplasms
  2 giant cockroaches
  7 goblins
  6 hobgoblins
  4 jackals
  3 quokkas
  3 frilled lizards
  3 kobolds
  8 rats
92 creatures vanquished.

Notes
Turn   | Place    | Note
-------+----------+-------------------------------------------
     0 | D:1      | Icepheonix32 the Octopode Transmuter began the quest for
                  | the Orb.
     0 | D:1      | Reached XP level 1. HP: 13/13 MP: 3/3
   139 | D:1      | Reached XP level 2. HP: 4/18 MP: 5/5
   446 | D:1      | Found a faded altar of an unknown god.
   568 | D:1      | Reached XP level 3. HP: 21/23 MP: 4/6
  1107 | D:2      | Reached skill level 4 in Unarmed Combat
  1117 | D:2      | Learned a level 3 spell: Spider Form
  1120 | D:2      | Learned a level 2 spell: Wereblood
  1349 | D:2      | Found a basalt altar of Yredelemnul.
  2259 | D:3      | Reached XP level 4. HP: 28/28 MP: 7/7
  2961 | D:3      | Reached skill level 1 in Poison Magic
  3871 | D:4      | Reached XP level 5. HP: 33/33 MP: 6/8
  4281 | D:4      | Noticed an ogre
  4292 | D:4      | Killed an ogre
  4293 | D:4      | Reached XP level 6. HP: 12/38 MP: 7/10
  4717 | D:4      | Found a white marble altar of Elyvilon.
  4827 | D:4      | Reached skill level 5 in Unarmed Combat
  5099 | D:4      | Reached XP level 7. HP: 7/43 MP: 11/11
  5907 | D:5      | Entered Level 5 of the Dungeon
  6089 | D:5      | HP: 3/64 [white imp/puff of frost (11)]
  6090 | D:5      | Slain by a gnoll

Illustrated notes

Levels and vault maps discovered:
D:1:      lightli_molten_gateway, layout_rooms,
          hellmonk_ecumenical_altar_run_dry, serial_curves, eino_curves_02,
          eino_curves_02
D:2:      layout_basic, basic_altar, serial_forest,
          infiniplex_forest_lined_room_2, infiniplex_forest_zigzag_1,
          infiniplex_forest_lined_room_3, infiniplex_forest_straight_3,
          infiniplex_forest_lined_1, infiniplex_forest_clump_tiny,
          infiniplex_forest_side_room
D:3:      cheibrodos_helix_gallery, layout_loops_corners, dk_noncrumbling_2
D:4:      minmay_angry_zag, layout_gridville, amcnicky_altar_gilded,
          kennysheep_flooded_box
D:5:      layout_loops_ring

Skill      XL: |  1  2  3  4  5  6  7 |
---------------+----------------------+-----
Unarmed Combat | 4 5 |  5.6
Poison Magic   | 1 2 3 |  3.4
Transmutations | 3 4 |  4.0
Spellcasting   | 3 |  3.3
Dodging        | 3 |  3.0
Fighting       | |  1.0
Throwing       | |  0.4

Action                   |  1- 3 |  4- 6 |  7- 9 || total
-------------------------+-------+-------+-------++-------
Melee: Unarmed           |    75 |   110 |    29 ||   214
       Constrict         |    21 |    20 |     6 ||    47
       Kick              |    17 |    18 |     7 ||    42
       Tentacles         |    10 |    17 |     5 ||    32
       Punch             |       |     3 |     2 ||     5
Throw: Dart              |       |     4 |     1 ||     5
       Throwing net      |       |     1 |       ||     1
 Cast: Beastly Appendage |    23 |    22 |     6 ||    51
  Use: Scroll            |     8 |     4 |     3 ||    15
       Potion            |     3 |     2 |     2 ||     7
 Stab: Sleeping          |     4 |     5 |     3 ||    12
       Held in net/web   |       |     1 |       ||     1
Armor: Skin              |     9 |    15 |     2 ||    26
Dodge: Dodged            |    54 |    50 |    23 ||   127
